Avalanche vs Devils
Created - 19 mars 2013 at 18:58
Goals
|
| Avalanche |
1 |
2 |
0 |
3 |
| Devils |
2 |
3 |
0 |
5 |
|
Shots
|
| Avalanche |
11 |
14 |
4 |
29 |
| Devils |
10 |
12 |
3 |
25 |
|
1st period
1. Avalanche , Éric Perrin 7 (Jeff Taffe, Marc Staal) at 11:07
2. Devils , Sergei Zubov 6 (Henrik Zetterberg) at 18:23 (PP)
3. Devils , Anze Kopitar 28 (Teemu Selanne, Henrik Zetterberg) at 18:35
Penalties :
Jason Pominville (Col) for High sticking (Minor) at 17:06
2nd period
4. Devils , Anze Kopitar 29 (Sergei Zubov) at 0:10
5. Avalanche , Chuck Kobasew 5 (Mattias Norstrom, Sami Salo) at 1:03
6. Devils , Teemu Selanne 25 (Anze Kopitar, Ramzi Abid) at 1:22 (PP)
7. Devils , Olli Jokinen 11 (Peter Prucha) at 14:51
8. Avalanche , Jason Pominville 20 (Ryan Smyth, Jack Johnson) at 17:18
Penalties :
Ryan Smyth (Col) for Slashing (Minor) at 1:14, Chris Kunitz (NJD) for Holding Stick (Minor) at 3:29
3rd period
No Goal
Penalties :
Dave Tanabe (Col) for High sticking (Minor) at 1:57, Rostislav Olesz (Col) for Tripping (Minor) at 9:53, Éric Perrin (Col) for Holding (Minor) at 15:22
Goalie Stats
Antti Niemi (Col), 10 saves from 14 shots - (0,714), L, 14-18-3, 21:22 minutes
Patrick Lalime (Col), 10 saves from 11 shots - (0,909), 38:38 minutes
Jimmy Howard (NJD), 26 saves from 29 shots - (0,897), W, 21-15-2, 60:00 minutes
Players Stats for Avalanche
Player Name G A P +/- PIM S H SB GA TA FO MP PP MP PK MP
------------------------------------------------------------------------------------
Andrew Ladd 0 0 0 1 0 0 1 0 0 0 0/0 12:14 0:00 2:44
Chuck Kobasew 1 0 1 1 0 2 1 1 0 0 0/0 13:35 0:00 4:07
Dave Tanabe 0 0 0 0 2 0 0 1 1 1 0/0 17:44 0:56 1:54
Dustin Byfuglien 0 0 0 1 0 0 0 0 0 0 0/0 9:31 0:00 0:00
Éric Perrin 1 0 1 1 2 4 1 0 0 0 1/3 10:43 0:00 1:09
Jack Johnson 0 1 1 1 0 1 2 2 1 0 0/0 22:52 1:03 3:25
Jason Pominville 1 0 1 -1 2 4 3 1 1 1 0/1 17:42 1:03 0:00
Jeff Taffe 0 1 1 1 0 4 2 0 0 0 0/0 10:44 0:00 0:49
Marc Staal 0 1 1 1 0 1 3 1 1 1 0/0 24:24 0:56 4:30
Mattias Norstrom 0 1 1 -1 0 0 1 0 0 1 0/0 17:46 0:00 0:58
Maxim Talbot 0 0 0 1 0 1 2 0 0 0 7/11 12:55 0:00 4:02
Mike Comrie 0 0 0 -1 0 1 1 0 0 0 8/22 19:05 1:03 1:39
Oleg Kvasha 0 0 0 -1 0 1 0 1 1 0 4/8 16:32 0:56 0:14
Ossi Vaananen 0 0 0 0 0 2 0 1 0 0 0/0 18:16 0:00 3:57
Radim Vrbata 0 0 0 -1 0 1 2 0 0 0 1/2 16:44 0:56 0:00
Rostislav Olesz 0 0 0 -1 2 4 1 0 0 1 0/0 16:17 0:56 0:00
Ryan Smyth 0 1 1 -1 2 3 1 0 0 1 2/2 17:42 1:03 0:00
Sami Salo 0 1 1 -1 0 0 0 0 0 1 0/0 17:47 1:03 0:00
Players Stats for Devils
Player Name G A P +/- PIM S H SB GA TA FO MP PP MP PK MP
------------------------------------------------------------------------------------
Anze Kopitar 2 1 3 2 0 6 1 0 1 0 11/28 21:05 4:22 0:32
Ben Lovejoy 0 0 0 -2 0 0 1 0 0 0 0/0 19:02 3:15 0:00
Chris Kunitz 0 0 0 0 2 0 2 0 0 0 0/0 12:10 0:01 0:00
Chris Pronger 0 0 0 -3 0 0 1 1 0 0 0/0 21:58 1:46 1:08
Doug Weight 0 0 0 0 0 0 2 0 0 0 11/13 14:27 0:00 1:02
Greg De Vries 0 0 0 2 0 2 2 0 0 0 0/0 21:21 1:01 0:51
Henrik Zetterberg 0 2 2 2 0 2 2 0 2 0 0/0 20:07 2:59 0:31
Jason Williams 0 0 0 -2 0 0 0 0 0 0 1/1 9:17 0:00 0:00
Marian Hossa 0 0 0 0 0 1 1 0 1 0 0/1 16:38 2:59 0:32
Olli Jokinen 1 0 1 0 0 2 2 0 1 1 1/2 13:50 2:59 0:00
Peter Prucha 0 1 1 0 0 0 3 0 0 0 0/0 12:33 0:12 0:00
Radek Dvorak 0 0 0 -2 0 1 1 0 0 0 0/0 9:54 0:12 0:00
Raffi Torres 0 0 0 -2 0 0 1 0 0 0 0/1 10:08 0:00 0:19
Ramzi Abid 0 1 1 0 0 2 1 0 0 0 0/1 17:12 4:11 0:00
Richard Matvichuk 0 0 0 1 0 0 0 1 0 0 0/0 13:20 1:20 0:00
Roman Hamrlik 0 0 0 0 0 0 0 1 1 1 0/0 20:13 2:47 1:08
Sergei Zubov 1 1 2 2 0 6 1 1 1 1 0/0 23:34 4:35 0:51
Teemu Selanne 1 1 2 2 0 3 1 1 0 2 2/2 21:11 4:11 1:02
3 Stars
1 - Anze Kopitar (NJD)
2 - Sergei Zubov (NJD)
3 - Teemu Selanne (NJD)
Power Play
Avalanche - 0 on 1 Attempt(s) - 0,00%
Devils - 2 on 5 Attempt(s) - 40,00%
Penalty Kill
Avalanche - 3 on 5 Attempt(s) - 60,00%
- Score 0 goal in Penalty Kill
Devils - 1 on 1 Attempt(s) - 100,00%
- Score 0 goal in Penalty Kill
Official
Referees : Ciamaga Chris and Rooney Chris
Linesman : Mark Wheler and David Brisebois
Game Notes
Patrick Lalime enters game at 1:22 of 2nd period
Finance
Level 1 -- Attendance: 5744 (95,73%) -- Ticket Income 516 960 $
Level 2 -- Attendance: 4618 (92,36%) -- Ticket Income 230 900 $
Level 3 -- Attendance: 1797 (89,85%) -- Ticket Income 53 910 $
Level 4 -- Attendance: 3740 (93,50%) -- Ticket Income 74 800 $
Luxury Box -- Attendance: 719 (71,90%) -- Ticket Income 143 800 $
Total Attendance: 16618 (92,32%)
Total Ticket Income: 1 020 370 $
Total Income: 1 020 370 $
Avalanche
5 vs 5 Forward
Center Left Wing Right Wing Time % Phy DF OF
1 Mike Comrie Ryan Smyth Jason Pominville 40 1 2 2
2 Oleg Kvasha Rostislav Olesz Radim Vrbata 30 1 2 2
3 Maxim Talbot Andrew Ladd Chuck Kobasew 15 1 2 2
4 Éric Perrin Jeff Taffe Dustin Byfuglien 15 2 2 1
5 vs 5 Defense
Defense Defense Time % Phy DF OF
1 Marc Staal Jack Johnson 40 1 2 2
2 Ossi Vaananen Dave Tanabe 30 1 2 2
3 Mattias Norstrom Sami Salo 30 1 2 2
4 Jack Johnson Marc Staal 0 1 2 2
PowerPlay Forward
Center Left Wing Right Wing Time % Phy DF OF
1 Mike Comrie Ryan Smyth Jason Pominville 60 1 2 2
2 Oleg Kvasha Rostislav Olesz Radim Vrbata 40 1 2 2
PowerPlay Defense
Defense Defense Time % Phy DF OF
1 Jack Johnson Sami Salo 60 1 2 2
2 Marc Staal Dave Tanabe 40 1 2 2
Penalty Kill 4 Players Forward
Center Wing Time % Phy DF OF
1 Maxim Talbot Chuck Kobasew 60 1 2 2
2 Mike Comrie Andrew Ladd 40 1 2 2
Penalty Kill 4 Players Defense
Defense Defense Time % Phy DF OF
1 Marc Staal Ossi Vaananen 60 1 2 2
2 Jack Johnson Dave Tanabe 40 1 2 2
Penalty Kill - 3 Players Forward
Forward Time % Phy DF OF
1 Ryan Smyth 60 1 2 2
2 Jason Pominville 40 1 2 2
Penalty Kill - 3 Players Defense
Defense Defense Time % Phy DF OF
1 Marc Staal Ossi Vaananen 60 1 2 2
2 Jack Johnson Dave Tanabe 40 1 2 2
4 vs 4 Forward
Center Wing Time % Phy DF OF
1 Ryan Smyth Jason Pominville 60 1 2 2
2 Oleg Kvasha Mike Comrie 40 1 2 2
4 vs 4 Defense
Defense Defense Time % Phy DF OF
1 Dave Tanabe Sami Salo 60 1 2 2
2 Marc Staal Jack Johnson 40 1 2 2
Last Minutes Offensive
Center Left Wing Right Wing Defense Defense
Mike Comrie Ryan Smyth Jason Pominville Dave Tanabe Sami Salo
Last Minutes Defensive
Center Left Wing Right Wing Defense Defense
Mike Comrie Ryan Smyth Jason Pominville Marc Staal Jack Johnson
Goaltenders
Starting : Antti Niemi
Backup : Patrick Lalime
Extra Forwards
Normal : Radim Vrbata, Chuck Kobasew, Andrew Ladd - PP : Andrew Ladd, Dustin Byfuglien - PK : Andrew Ladd
Extra Defensemen
Normal : Ossi Vaananen, Jack Johnson, Marc Staal - PP : Ossi Vaananen - PK : Jack Johnson, Marc Staal
Penalty Shots
Ryan Smyth, Oleg Kvasha, Andrew Ladd, Radim Vrbata, Mike Comrie
Devils
5 vs 5 Forward
Center Left Wing Right Wing Time % Phy DF OF
1 Anze Kopitar Henrik Zetterberg Teemu Selanne 40 0 2 3
2 Doug Weight Ramzi Abid Marian Hossa 30 0 2 3
3 Olli Jokinen Chris Kunitz Peter Prucha 20 0 2 3
4 Jason Williams Raffi Torres Radek Dvorak 10 0 3 2
5 vs 5 Defense
Defense Defense Time % Phy DF OF
1 Sergei Zubov Greg De Vries 40 0 2 3
2 Chris Pronger Ben Lovejoy 30 0 2 3
3 Richard Matvichuk Roman Hamrlik 20 0 2 3
4 Roman Hamrlik Chris Pronger 10 0 2 3
PowerPlay Forward
Center Left Wing Right Wing Time % Phy DF OF
1 Anze Kopitar Ramzi Abid Teemu Selanne 60 0 1 4
2 Olli Jokinen Henrik Zetterberg Marian Hossa 40 0 1 4
PowerPlay Defense
Defense Defense Time % Phy DF OF
1 Sergei Zubov Ben Lovejoy 60 1 2 2
2 Chris Pronger Roman Hamrlik 40 1 2 2
Penalty Kill 4 Players Forward
Center Wing Time % Phy DF OF
1 Doug Weight Teemu Selanne 60 0 3 2
2 Anze Kopitar Marian Hossa 40 0 3 2
Penalty Kill 4 Players Defense
Defense Defense Time % Phy DF OF
1 Chris Pronger Roman Hamrlik 60 0 4 1
2 Greg De Vries Sergei Zubov 40 0 4 1
Penalty Kill - 3 Players Forward
Forward Time % Phy DF OF
1 Anze Kopitar 60 1 2 2
2 Olli Jokinen 40 1 2 2
Penalty Kill - 3 Players Defense
Defense Defense Time % Phy DF OF
1 Sergei Zubov Greg De Vries 60 1 3 1
2 Chris Pronger Richard Matvichuk 40 1 3 1
4 vs 4 Forward
Center Wing Time % Phy DF OF
1 Olli Jokinen Marian Hossa 60 1 2 2
2 Anze Kopitar Henrik Zetterberg 40 1 2 2
4 vs 4 Defense
Defense Defense Time % Phy DF OF
1 Sergei Zubov Ben Lovejoy 60 1 2 2
2 Chris Pronger Richard Matvichuk 40 1 2 2
Last Minutes Offensive
Center Left Wing Right Wing Defense Defense
Anze Kopitar Henrik Zetterberg Marian Hossa Sergei Zubov Chris Pronger
Last Minutes Defensive
Center Left Wing Right Wing Defense Defense
Anze Kopitar Henrik Zetterberg Marian Hossa Sergei Zubov Chris Pronger
Goaltenders
Starting : Jimmy Howard
Backup : Dan Ellis
Extra Forwards
Normal : Olli Jokinen, Marian Hossa, Peter Prucha - PP : Olli Jokinen, Peter Prucha - PK : Henrik Zetterberg
Extra Defensemen
Normal : Greg De Vries, Ben Lovejoy, Roman Hamrlik - PP : Richard Matvichuk - PK : Ben Lovejoy, Richard Matvichuk
Penalty Shots
Anze Kopitar, Henrik Zetterberg, Ramzi Abid, Teemu Selanne, Marian Hossa
% Time on Ice - Avalanche
Lines # - Real PCT - Wanted PCT - Time Play
Normal Forward
1 - 34% - 40% - 17:19
2 - 30% - 30% - 15:20
3 - 18% - 15% - 8:53
4 - 18% - 15% - 9:07
Normal Defense
1 - 37% - 40% - 18:45
2 - 29% - 30% - 14:40
3 - 34% - 30% - 17:14
4 - 0% - 0% - 0:00
PP Forward
1 - 53% - 60% - 1:03
2 - 47% - 40% - 0:56
PP Defense
1 - 53% - 60% - 1:03
2 - 47% - 40% - 0:56
PK Forward
1 - 82% - 60% - 6:04
2 - 18% - 40% - 1:18
PK Defense
1 - 59% - 60% - 4:19
2 - 41% - 40% - 3:03
PK3 Forward
1 - 0% - 60%
2 - 0% - 40%
PK3 Defense
1 - 0% - 60%
2 - 0% - 40%
44 Forward
1 - 0% - 60%
2 - 0% - 40%
44 Defense
1 - 0% - 60%
2 - 0% - 40%
Last Minute Offensive - 0:00
Last Minute Defensive - 0:00
Total
Forward - 60:00
Defense - 60:00
|
% Time on Ice - Devils
Lines # - Real PCT - Wanted PCT - Time Play
Normal Forward
1 - 33% - 40% - 16:48
2 - 28% - 30% - 14:02
3 - 21% - 20% - 10:32
4 - 18% - 10% - 9:17
Normal Defense
1 - 39% - 40% - 19:58
2 - 30% - 30% - 15:23
3 - 23% - 20% - 11:28
4 - 8% - 10% - 3:50
PP Forward
1 - 60% - 60% - 4:23
2 - 40% - 40% - 2:59
PP Defense
1 - 62% - 60% - 4:35
2 - 38% - 40% - 2:47
PK Forward
1 - 73% - 60% - 1:27
2 - 27% - 40% - 0:32
PK Defense
1 - 57% - 60% - 1:08
2 - 43% - 40% - 0:51
PK3 Forward
1 - 0% - 60%
2 - 0% - 40%
PK3 Defense
1 - 0% - 60%
2 - 0% - 40%
44 Forward
1 - 0% - 60%
2 - 0% - 40%
44 Defense
1 - 0% - 60%
2 - 0% - 40%
Last Minute Offensive - 0:00
Last Minute Defensive - 0:00
Total
Forward - 60:00
Defense - 60:00
|
Play by Play
1st period
0:01 of 1st period - Mike Comrie wins face-off versus Anze Kopitar in neutral zone.
0:28 of 1st period - Slapshot by Ramzi Abid.
0:28 of 1st period - Shot Blocked by Jack Johnson.
0:30 of 1st period - Slapshot by Greg De Vries.
0:30 of 1st period - Stopped by Antti Niemi with a rebound.
0:32 of 1st period - Snap shot by Greg De Vries.
0:32 of 1st period - Stopped by Antti Niemi without a rebound.
0:33 of 1st period - Maxim Talbot wins face-off versus Ramzi Abid in Avalanche zone.
1:00 of 1st period - Ossi Vaananen is hit by Ben Lovejoy and loses puck.
2:01 of 1st period - Teemu Selanne is hit by Jack Johnson and loses puck.
2:35 of 1st period - Snap shot by Jeff Taffe.
2:35 of 1st period - Deflect By Éric Perrin.
2:35 of 1st period - Stopped by Jimmy Howard without a rebound.
2:36 of 1st period - Olli Jokinen wins face-off versus Mike Comrie in Devils zone.
2:47 of 1st period - Wrist shot by Jason Pominville.
2:47 of 1st period - Shot Misses the Net.
2:49 of 1st period - Snap shot by Ryan Smyth.
2:49 of 1st period - Stopped by Jimmy Howard without a rebound.
2:50 of 1st period - Doug Weight wins face-off versus Oleg Kvasha in Devils zone.
5:27 of 1st period - Backhand shot by Jason Williams.
5:27 of 1st period - Shot Blocked by Chuck Kobasew.
6:14 of 1st period - Snap shot by Ryan Smyth.
6:14 of 1st period - Stopped by Jimmy Howard with a rebound.
6:54 of 1st period - Wrist shot by Éric Perrin.
6:54 of 1st period - Stopped by Jimmy Howard with a rebound.
7:23 of 1st period - Slapshot by Sergei Zubov.
7:23 of 1st period - Deflect By Olli Jokinen.
7:23 of 1st period - Shot Misses the Net.
7:23 of 1st period - Puck is out of play.
7:24 of 1st period - Mike Comrie wins face-off versus Anze Kopitar in Avalanche zone.
7:41 of 1st period - Ryan Smyth is hit by Sergei Zubov and loses puck.
8:16 of 1st period - Snap shot by Jeff Taffe.
8:16 of 1st period - Stopped by Jimmy Howard with a rebound.
8:33 of 1st period - Icing by Marc Staal.
8:34 of 1st period - Jason Williams wins face-off versus Éric Perrin in Avalanche zone.
8:39 of 1st period - Snap shot by Henrik Zetterberg.
8:39 of 1st period - Shot Blocked by Jack Johnson.
8:41 of 1st period - Slapshot by Anze Kopitar.
8:41 of 1st period - Shot Blocked by Marc Staal.
9:25 of 1st period - Snap shot by Éric Perrin.
9:25 of 1st period - Stopped by Jimmy Howard without a rebound.
9:26 of 1st period - Doug Weight wins face-off versus Mike Comrie in Devils zone.
9:26 of 1st period - Doug Weight is hit by Ryan Smyth.
9:52 of 1st period - Oleg Kvasha is hit by Anze Kopitar.
9:58 of 1st period - Snap shot by Rostislav Olesz.
9:58 of 1st period - Stopped by Jimmy Howard without a rebound.
9:59 of 1st period - Oleg Kvasha wins face-off versus Anze Kopitar in Devils zone.
10:44 of 1st period - Marc Staal is hit by Peter Prucha and loses puck.
11:07 of 1st period - Slapshot by Éric Perrin.
11:07 of 1st period - Goal by Éric Perrin - Avalanche : 1 - Devils : 0.
11:08 of 1st period - Anze Kopitar wins face-off versus Jason Pominville in neutral zone.
12:02 of 1st period - Snap shot by Jeff Taffe.
12:02 of 1st period - Stopped by Jimmy Howard with a rebound.
12:08 of 1st period - Dustin Byfuglien is hit by Chris Kunitz and loses puck.
12:46 of 1st period - Dave Tanabe is hit by Greg De Vries and loses puck.
13:11 of 1st period - Snap shot by Chuck Kobasew.
13:11 of 1st period - Shot Misses the Net.
13:23 of 1st period - Dustin Byfuglien is hit by Chris Pronger and loses puck.
13:36 of 1st period - Éric Perrin is hit by Peter Prucha and loses puck.
14:38 of 1st period - Slapshot by Sergei Zubov.
14:38 of 1st period - Shot Misses the Net.
15:15 of 1st period - Snap shot by Anze Kopitar.
15:15 of 1st period - Stopped by Antti Niemi without a rebound.
15:16 of 1st period - Oleg Kvasha wins face-off versus Anze Kopitar in Avalanche zone.
16:08 of 1st period - Wrist shot by Jeff Taffe.
16:08 of 1st period - Stopped by Jimmy Howard with a rebound.
16:15 of 1st period - Chris Pronger is hit by Marc Staal and loses puck.
16:42 of 1st period - Chris Pronger is hit by Radim Vrbata.
17:00 of 1st period - Teemu Selanne is hit by Jason Pominville and loses puck.
17:06 of 1st period - Minor Penalty to Jason Pominville for High sticking.
17:07 of 1st period - Maxim Talbot wins face-off versus Anze Kopitar in Avalanche zone.
17:16 of 1st period - Slapshot by Sergei Zubov.
17:16 of 1st period - Stopped by Antti Niemi without a rebound.
17:17 of 1st period - Maxim Talbot wins face-off versus Anze Kopitar in Avalanche zone.
17:26 of 1st period - Snap shot by Teemu Selanne.
17:26 of 1st period - Shot Misses the Net.
17:28 of 1st period - Slapshot by Ramzi Abid.
17:28 of 1st period - Deflect By Anze Kopitar.
17:28 of 1st period - Stopped by Antti Niemi without a rebound.
17:29 of 1st period - Anze Kopitar wins face-off versus Maxim Talbot in Avalanche zone.
17:30 of 1st period - Snap shot by Teemu Selanne.
17:30 of 1st period - Shot Misses the Net.
17:44 of 1st period - Slapshot by Chuck Kobasew.
17:44 of 1st period - Stopped by Jimmy Howard without a rebound.
17:45 of 1st period - Teemu Selanne wins face-off versus Maxim Talbot in Devils zone.
18:23 of 1st period - Slapshot by Sergei Zubov.
18:23 of 1st period - Goal by Sergei Zubov - Avalanche : 1 - Devils : 1.
18:24 of 1st period - Anze Kopitar wins face-off versus Mike Comrie in neutral zone.
18:29 of 1st period - Snap shot by Anze Kopitar.
18:29 of 1st period - Deflect By Teemu Selanne.
18:29 of 1st period - Stopped by Antti Niemi with a rebound.
18:31 of 1st period - Wrist shot by Sergei Zubov.
18:31 of 1st period - Stopped by Antti Niemi with a rebound.
18:33 of 1st period - Wrist shot by Henrik Zetterberg.
18:33 of 1st period - Deflect By Anze Kopitar.
18:33 of 1st period - Stopped by Antti Niemi with a rebound.
18:35 of 1st period - Wrist shot by Teemu Selanne.
18:35 of 1st period - Deflect By Anze Kopitar.
18:35 of 1st period - Goal by Anze Kopitar - Avalanche : 1 - Devils : 2.
18:36 of 1st period - Anze Kopitar wins face-off versus Mike Comrie in neutral zone.
18:41 of 1st period - Slapshot by Ryan Smyth.
18:41 of 1st period - Deflect By Henrik Zetterberg.
18:41 of 1st period - Shot Misses the Net.
18:41 of 1st period - Puck is out of play.
18:42 of 1st period - Anze Kopitar wins face-off versus Mike Comrie in Devils zone.
2nd period
0:01 of 2nd period - Anze Kopitar wins face-off versus Mike Comrie in neutral zone.
0:10 of 2nd period - Snap shot by Anze Kopitar.
0:10 of 2nd period - Goal by Anze Kopitar - Avalanche : 1 - Devils : 3.
0:11 of 2nd period - Mike Comrie wins face-off versus Anze Kopitar in neutral zone.
0:25 of 2nd period - Slapshot by Mike Comrie.
0:25 of 2nd period - Stopped by Jimmy Howard with a rebound.
0:27 of 2nd period - Snap shot by Ryan Smyth.
0:27 of 2nd period - Shot Misses the Net.
1:03 of 2nd period - Slapshot by Chuck Kobasew.
1:03 of 2nd period - Goal by Chuck Kobasew - Avalanche : 2 - Devils : 3.
1:04 of 2nd period - Teemu Selanne wins face-off versus Mike Comrie in neutral zone.
1:14 of 2nd period - Minor Penalty to Ryan Smyth for Slashing.
1:15 of 2nd period - Anze Kopitar wins face-off versus Maxim Talbot in Avalanche zone.
1:16 of 2nd period - Snap shot by Teemu Selanne.
1:16 of 2nd period - Stopped by Antti Niemi without a rebound.
1:17 of 2nd period - Anze Kopitar wins face-off versus Maxim Talbot in Avalanche zone.
1:18 of 2nd period - Wrist shot by Ramzi Abid.
1:18 of 2nd period - Stopped by Antti Niemi with a rebound.
1:20 of 2nd period - Snap shot by Anze Kopitar.
1:20 of 2nd period - Shot Blocked by Ossi Vaananen.
1:22 of 2nd period - Snap shot by Teemu Selanne.
1:22 of 2nd period - Goal by Teemu Selanne - Avalanche : 2 - Devils : 4.
1:22 of 2nd period - Patrick Lalime enters game.
1:23 of 2nd period - Mike Comrie wins face-off versus Anze Kopitar in neutral zone.
1:49 of 2nd period - Doug Weight is hit by Radim Vrbata.
1:52 of 2nd period - Off-side.
1:53 of 2nd period - Doug Weight wins face-off versus Oleg Kvasha in neutral zone.
1:58 of 2nd period - Sami Salo is hit by Marian Hossa and loses puck.
2:15 of 2nd period - Slapshot by Marian Hossa.
2:15 of 2nd period - Stopped by Patrick Lalime without a rebound.
2:16 of 2nd period - Anze Kopitar wins face-off versus Mike Comrie in Avalanche zone.
2:45 of 2nd period - Slapshot by Teemu Selanne.
2:45 of 2nd period - Deflect By Marian Hossa.
2:45 of 2nd period - Shot Blocked by Oleg Kvasha.
2:45 of 2nd period - Puck is out of play.
2:46 of 2nd period - Doug Weight wins face-off versus Radim Vrbata in Avalanche zone.
2:47 of 2nd period - Wrist shot by Sergei Zubov.
2:47 of 2nd period - Deflect By Oleg Kvasha.
2:47 of 2nd period - Stopped by Patrick Lalime without a rebound.
2:48 of 2nd period - Doug Weight wins face-off versus Mike Comrie in Avalanche zone.
3:29 of 2nd period - Minor Penalty to Chris Kunitz for Holding Stick.
3:30 of 2nd period - Mike Comrie wins face-off versus Doug Weight in Devils zone.
5:29 of 2nd period - Penalty to Chris Kunitz is over, Chris Kunitz is back on ice.
5:30 of 2nd period - Chris Pronger is hit by Rostislav Olesz and loses puck.
5:49 of 2nd period - Chris Pronger is hit by Maxim Talbot and loses puck.
6:00 of 2nd period - Wrist shot by Chris Kunitz.
6:00 of 2nd period - Deflect By Henrik Zetterberg.
6:00 of 2nd period - Shot Misses the Net.
6:00 of 2nd period - Puck is out of play.
6:01 of 2nd period - Doug Weight wins face-off versus Éric Perrin in Avalanche zone.
6:46 of 2nd period - Marc Staal is hit by Henrik Zetterberg and loses puck.
7:01 of 2nd period - Marian Hossa is hit by Marc Staal.
7:05 of 2nd period - Jack Johnson is hit by Doug Weight and loses puck.
7:18 of 2nd period - Dave Tanabe is hit by Radek Dvorak and loses puck.
7:54 of 2nd period - Henrik Zetterberg is hit by Jason Pominville and loses puck.
8:01 of 2nd period - Snap shot by Mike Comrie.
8:01 of 2nd period - Shot Misses the Net.
8:03 of 2nd period - Slapshot by Jack Johnson.
8:03 of 2nd period - Stopped by Jimmy Howard with a rebound.
8:10 of 2nd period - Icing by Teemu Selanne.
8:11 of 2nd period - Maxim Talbot wins face-off versus Anze Kopitar in Devils zone.
8:14 of 2nd period - Slapshot by Rostislav Olesz.
8:14 of 2nd period - Stopped by Jimmy Howard with a rebound.
8:16 of 2nd period - Wrist shot by Rostislav Olesz.
8:16 of 2nd period - Shot Blocked by Roman Hamrlik.
8:18 of 2nd period - Wrist shot by Radim Vrbata.
8:18 of 2nd period - Shot Misses the Net.
8:20 of 2nd period - Backhand shot by Radim Vrbata.
8:20 of 2nd period - Stopped by Jimmy Howard without a rebound.
8:21 of 2nd period - Doug Weight wins face-off versus Oleg Kvasha in Devils zone.
8:32 of 2nd period - Snap shot by Ramzi Abid.
8:32 of 2nd period - Stopped by Patrick Lalime with a rebound.
8:48 of 2nd period - Rostislav Olesz is hit by Chris Kunitz and loses puck.
9:18 of 2nd period - Snap shot by Henrik Zetterberg.
9:18 of 2nd period - Stopped by Patrick Lalime without a rebound.
9:19 of 2nd period - Doug Weight wins face-off versus Mike Comrie in Avalanche zone.
9:26 of 2nd period - Snap shot by Sergei Zubov.
9:26 of 2nd period - Deflect By Mike Comrie.
9:26 of 2nd period - Stopped by Patrick Lalime without a rebound.
9:27 of 2nd period - Doug Weight wins face-off versus Mike Comrie in Avalanche zone.
9:32 of 2nd period - Snap shot by Marian Hossa.
9:32 of 2nd period - Shot Blocked by Dave Tanabe.
9:34 of 2nd period - Slapshot by Sergei Zubov.
9:34 of 2nd period - Deflect By Ryan Smyth.
9:34 of 2nd period - Stopped by Patrick Lalime with a rebound.
9:36 of 2nd period - Slapshot by Sergei Zubov.
9:36 of 2nd period - Shot Blocked by Jason Pominville.
9:40 of 2nd period - Wrist shot by Ramzi Abid.
9:40 of 2nd period - Shot Misses the Net.
9:42 of 2nd period - Slapshot by Sergei Zubov.
9:42 of 2nd period - Deflect By Marian Hossa.
9:42 of 2nd period - Shot Misses the Net.
9:42 of 2nd period - Puck is out of play.
9:43 of 2nd period - Anze Kopitar wins face-off versus Oleg Kvasha in Avalanche zone.
9:50 of 2nd period - Slapshot by Henrik Zetterberg.
9:50 of 2nd period - Stopped by Patrick Lalime without a rebound.
9:51 of 2nd period - Oleg Kvasha wins face-off versus Anze Kopitar in Avalanche zone.
9:59 of 2nd period - Slapshot by Rostislav Olesz.
9:59 of 2nd period - Stopped by Jimmy Howard with a rebound.
10:01 of 2nd period - Slapshot by Marc Staal.
10:01 of 2nd period - Stopped by Jimmy Howard with a rebound.
10:35 of 2nd period - Wrist shot by Rostislav Olesz.
10:35 of 2nd period - Shot Blocked by Teemu Selanne.
10:37 of 2nd period - Slapshot by Oleg Kvasha.
10:37 of 2nd period - Stopped by Jimmy Howard without a rebound.
10:38 of 2nd period - Doug Weight wins face-off versus Mike Comrie in Devils zone.
11:32 of 2nd period - Sergei Zubov is hit by Jeff Taffe and loses puck.
12:21 of 2nd period - Radim Vrbata is hit by Greg De Vries and loses puck.
12:42 of 2nd period - Slapshot by Maxim Talbot.
12:42 of 2nd period - Stopped by Jimmy Howard without a rebound.
12:43 of 2nd period - Ryan Smyth wins face-off versus Marian Hossa in Devils zone.
13:29 of 2nd period - Snap shot by Éric Perrin.
13:29 of 2nd period - Deflect By Dustin Byfuglien.
13:29 of 2nd period - Shot Blocked by Sergei Zubov.
13:29 of 2nd period - Puck is out of play.
13:30 of 2nd period - Éric Perrin wins face-off versus Olli Jokinen in Devils zone.
13:45 of 2nd period - Snap shot by Jeff Taffe.
13:45 of 2nd period - Shot Misses the Net.
14:31 of 2nd period - Mattias Norstrom is hit by Peter Prucha.
14:51 of 2nd period - Slapshot by Olli Jokinen.
14:51 of 2nd period - Goal by Olli Jokinen - Avalanche : 2 - Devils : 5.
14:52 of 2nd period - Mike Comrie wins face-off versus Anze Kopitar in neutral zone.
15:28 of 2nd period - Snap shot by Jason Pominville.
15:28 of 2nd period - Stopped by Jimmy Howard with a rebound.
16:20 of 2nd period - Off-side.
16:21 of 2nd period - Oleg Kvasha wins face-off versus Doug Weight in neutral zone.
16:37 of 2nd period - Jack Johnson is hit by Ramzi Abid and loses puck.
17:18 of 2nd period - Wrist shot by Jason Pominville.
17:18 of 2nd period - Goal by Jason Pominville - Avalanche : 3 - Devils : 5.
17:19 of 2nd period - Mike Comrie wins face-off versus Anze Kopitar in neutral zone.
17:32 of 2nd period - Wrist shot by Jason Pominville.
17:32 of 2nd period - Stopped by Jimmy Howard with a rebound.
17:44 of 2nd period - Ossi Vaananen is hit by Doug Weight and loses puck.
17:53 of 2nd period - Snap shot by Doug Weight.
17:53 of 2nd period - Shot Misses the Net.
18:40 of 2nd period - Roman Hamrlik is hit by Maxim Talbot and loses puck.
19:20 of 2nd period - Icing by Roman Hamrlik.
19:21 of 2nd period - Doug Weight wins face-off versus Mike Comrie in Devils zone.
19:27 of 2nd period - Off-side.
19:28 of 2nd period - Anze Kopitar wins face-off versus Mike Comrie in neutral zone.
19:33 of 2nd period - Snap shot by Anze Kopitar.
19:33 of 2nd period - Shot Misses the Net.
19:39 of 2nd period - Slapshot by Ossi Vaananen.
19:39 of 2nd period - Stopped by Jimmy Howard with a rebound.
19:41 of 2nd period - Snap shot by Ryan Smyth.
19:41 of 2nd period - Shot Misses the Net.
19:43 of 2nd period - Snap shot by Jason Pominville.
19:43 of 2nd period - Stopped by Jimmy Howard with a rebound.
3rd period
0:01 of 3rd period - Ryan Smyth wins face-off versus Anze Kopitar in neutral zone.
0:08 of 3rd period - Wrist shot by Ryan Smyth.
0:08 of 3rd period - Stopped by Jimmy Howard with a rebound.
0:53 of 3rd period - Snap shot by Olli Jokinen.
0:53 of 3rd period - Stopped by Patrick Lalime with a rebound.
0:59 of 3rd period - Snap shot by Jeff Taffe.
0:59 of 3rd period - Deflect By Olli Jokinen.
0:59 of 3rd period - Stopped by Jimmy Howard with a rebound.
1:57 of 3rd period - Minor Penalty to Dave Tanabe for High sticking.
1:58 of 3rd period - Maxim Talbot wins face-off versus Anze Kopitar in Avalanche zone.
2:40 of 3rd period - Olli Jokinen is hit by Mike Comrie.
3:57 of 3rd period - Penalty to Dave Tanabe is over, Dave Tanabe is back on ice.
4:51 of 3rd period - Jason Williams is hit by Marc Staal and loses puck.
5:31 of 3rd period - Henrik Zetterberg is hit by Chuck Kobasew and loses puck.
5:55 of 3rd period - Radek Dvorak is hit by Jeff Taffe and loses puck.
6:10 of 3rd period - Jason Williams is hit by Jason Pominville and loses puck.
7:34 of 3rd period - Anze Kopitar is hit by Andrew Ladd and loses puck.
7:41 of 3rd period - Dave Tanabe is hit by Teemu Selanne and loses puck.
7:56 of 3rd period - Wrist shot by Oleg Kvasha.
7:56 of 3rd period - Shot Misses the Net.
7:58 of 3rd period - Slapshot by Ossi Vaananen.
7:58 of 3rd period - Stopped by Jimmy Howard with a rebound.
8:34 of 3rd period - Wrist shot by Mike Comrie.
8:34 of 3rd period - Shot Misses the Net.
9:14 of 3rd period - Slapshot by Chris Pronger.
9:14 of 3rd period - Deflect By Radek Dvorak.
9:14 of 3rd period - Stopped by Patrick Lalime with a rebound.
9:53 of 3rd period - Minor Penalty to Rostislav Olesz for Tripping.
9:54 of 3rd period - Maxim Talbot wins face-off versus Anze Kopitar in Avalanche zone.
9:59 of 3rd period - Slapshot by Anze Kopitar.
9:59 of 3rd period - Stopped by Patrick Lalime with a rebound.
10:17 of 3rd period - Chuck Kobasew is hit by Olli Jokinen and loses puck.
10:28 of 3rd period - Slapshot by Henrik Zetterberg.
10:28 of 3rd period - Shot Misses the Net.
11:53 of 3rd period - Penalty to Rostislav Olesz is over, Rostislav Olesz is back on ice.
12:18 of 3rd period - Radek Dvorak is hit by Mattias Norstrom and loses puck.
12:48 of 3rd period - Ramzi Abid is hit by Éric Perrin and loses puck.
13:03 of 3rd period - Jack Johnson is hit by Henrik Zetterberg and loses puck.
14:28 of 3rd period - Chuck Kobasew is hit by Olli Jokinen and loses puck.
14:54 of 3rd period - Icing by Sami Salo.
14:55 of 3rd period - Radim Vrbata wins face-off versus Raffi Torres in Avalanche zone.
14:55 of 3rd period - Radim Vrbata is hit by Raffi Torres.
15:22 of 3rd period - Minor Penalty to Éric Perrin for Holding.
15:23 of 3rd period - Maxim Talbot wins face-off versus Anze Kopitar in Avalanche zone.
16:32 of 3rd period - Chris Pronger is hit by Jack Johnson.
17:22 of 3rd period - Penalty to Éric Perrin is over, Éric Perrin is back on ice.
17:31 of 3rd period - Wrist shot by Rostislav Olesz.
17:31 of 3rd period - Shot Blocked by Chris Pronger.
17:33 of 3rd period - Slapshot by Rostislav Olesz.
17:33 of 3rd period - Stopped by Jimmy Howard with a rebound.
18:40 of 3rd period - Wrist shot by Ryan Smyth.
18:40 of 3rd period - Deflect By Mike Comrie.
18:40 of 3rd period - Shot Blocked by Richard Matvichuk.
18:40 of 3rd period - Puck is out of play.
18:41 of 3rd period - Mike Comrie wins face-off versus Anze Kopitar in Devils zone.
19:05 of 3rd period - Snap shot by Éric Perrin.
19:05 of 3rd period - Shot Hit the Post.
Output by the SimonT Hockey Simulator (STHS) for François Prévost -- Original Page W3C XHTML 1.0 Valid